 Dungeon Crawl Stone Soup version 0.29-a0-822-ga620ab95ad (webtiles) character file.

Game seed: 1759232491526167994

823 British0li the Trooper (level 7, -6/56 HPs)
             Began as a Demonspawn Gladiator on July 8, 2022.
             Killed from afar by a steam dragon (24 damage)
             ... with a ball of steam
             ... on level 3 of the Dungeon.
             The game lasted 00:08:21 (4525 turns).

British0li the Trooper (Demonspawn Gladiator)       Turns: 4525, Time: 00:08:51

Health: -6/56      AC:  7    Str: 16    XL:     7   Next: 63%
Magic:  7/7        EV: 13    Int: 10    God:
Gold:   149        SH:  0    Dex: 14    Spells: 6/6 levels left

rFire   . . .      SeeInvis .   a - +0 long sword
rCold   . . .      Faith    .   (no shield)
rNeg    . . .      Spirit   .   b - +0 leather armour
rPois   .          Reflect  .   c - +0 helmet
rElec   .          Harm     .   (no cloak)
rCorr   .          Rampage  .   (no gloves)
Will    .....                   A - +0 pair of boots
Stlth   +.........              (no amulet)
HPRegen 0.18/turn               (no ring)
MPRegen 0.10/turn               (no ring)

@: no status effects
A: slimy green scales 1, powered by death 2, condensation shield
a: no special abilities


You were on level 3 of the Dungeon.
You visited 1 branch of the dungeon, and saw 5 of its levels.
You also visited: Sewer.

You collected 149 gold pieces.

Inventory:

Hand Weapons
 a - a +0 long sword (weapon)
Missiles
 d - 2 throwing nets (quivered)
 e - a javelin
 y - 5 boomerangs
 B - 4 silver javelins
Armour
 b - a +0 leather armour (worn)
 c - a +0 helmet (worn)
 A - a +0 pair of boots (worn)
Scrolls
 f - a scroll of fear {unknown}
 g - a scroll of magic mapping {unknown}
 h - a scroll of acquirement {unknown}
 j - a scroll of noise {unknown}
 k - 3 scrolls of identify {unknown}
 l - a scroll of silence {unknown}
 n - 4 scrolls of enchant weapon {unknown}
 p - 2 scrolls of teleportation {unknown}
 q - 2 scrolls of summoning {unknown}
 s - a scroll of amnesia {unknown}
 u - 2 scrolls of fog {unknown}
Potions
 i - a potion of ambrosia
 m - a potion of cancellation {unknown}
 o - 3 potions of flight
 r - 2 potions of attraction {unknown}
 t - 2 potions of berserk rage {unknown}
 v - a potion of mutation {unknown}
 w - a potion of curing {unknown}
 x - 3 potions of brilliance {unknown}
 z - a potion of might {unknown}


   Skills:
 * Level 5.3 Fighting
 * Level 5.2 Long Blades
 - Level 2.0 Throwing
 + Level 2.8 Armour
 + Level 4.2 Dodging


You had 6 spell levels left.
You didn't know any spells.
Your spell library was empty.

Dungeon Overview and Level Annotations

Branches:
Dungeon (5/15)              Sewer (visited)
 Temple: D:4-7

Altars:

Annotations:
D:2 Sigmund


Innate Abilities, Weirdness & Mutations

You are partially covered in slimy green scales. (AC +2)
You regenerate health from kills.
A meltable shield of frost defends you. (SH +0)


Message History

The steam dragon is heavily wounded.
The bat hits you but does no damage. The steam dragon barely misses you. x2
You hit the steam dragon.
The steam dragon is severely wounded.
The bat barely misses you. The steam dragon completely misses you.
The steam dragon closely misses you.
You barely miss the steam dragon.
The steam dragon is severely wounded.
The bat barely misses you. The steam dragon bites you.
The steam dragon closely misses you.
You barely miss the steam dragon.
The steam dragon is severely wounded.
The steam dragon misses you. The steam dragon claws you.
The bat barely misses you.
You hit the steam dragon.
The steam dragon is severely wounded.
The bat hits you but does no damage. The bat closely misses you.
The steam dragon breathes steam at you.
The ball of steam hits you but does no damage.
The bat hits you but does no damage.
The steam dragon bites you but does no damage.
The steam dragon misses you.
You closely miss the steam dragon.
The steam dragon is severely wounded.
You are engulfed in a cloud of scalding steam.
The bat hits you but does no damage. x2
The steam dragon bites you but does no damage.
The steam dragon closely misses you.
You hit the steam dragon.
The steam dragon is severely wounded.
You are engulfed in a cloud of scalding steam.
The bat hits you but does no damage. The steam dragon bites you.
The steam dragon barely misses you.
You hit the steam dragon.
The steam dragon is almost dead.
You are engulfed in a cloud of scalding steam.
The bat closely misses you. The steam dragon breathes steam at you.
The ball of steam hits you!!
You die...

#.#...#
###.#...#
##.....#.#
.........#
.......#.# ###
.......#.####.#
..
.........b....#
.#
.......#D.#####
.# .....D.##@#
.# .......##.#
.# .......##)#
.......##†#
.......##.# .#
######.##.# .##
#.##.# ..##
#.##.# ....
#####.##.#


You could see a steam dragon (catching breath) and a bat.

Vanquished Creatures
  A phantom (D:4)
  5 kobold brigands (Sewer)
  2 necrophages (D:4)
  A jelly (D:4)
  A hound (D:4)
  Robin (D:4)
  7 adders
  2 river rats (Sewer)
  5 worms
  5 dart slugs
  4 orcs (D:4)
  10 ball pythons
  2 bats
  11 endoplasms
  3 giant cockroaches
  16 goblins
  7 hobgoblins
  3 jackals (D:3)
  11 kobolds
  A quokka (D:1)
  A frilled lizard (D:1)
  8 rats
107 creatures vanquished.

Notes
Turn   | Place    | Note
-------+----------+-------------------------------------------
     0 | D:1      | British0li the Demonspawn Gladiator began the quest for the
                  | Orb.
     0 | D:1      | Reached XP level 1. HP: 16/16 MP: 1/1
   342 | D:1      | Gained mutation: You regenerate a little health from kills.
                  | [demonic ancestry]
   342 | D:1      | Reached XP level 2. HP: 18/22 MP: 2/2
  1283 | D:2      | Reached XP level 3. HP: 28/28 MP: 3/3
  1596 | D:2      | Gained mutation: You regenerate health from kills. [demonic
                  | ancestry]
  1596 | D:2      | Reached XP level 4. HP: 24/35 MP: 4/4
  1779 | D:2      | Reached skill level 1 in Armour
  1961 | D:2      | Noticed Sigmund
  1968 | D:2      | You fall into a shaft and drop 2 floors!
  1968 | D:4      | Found a glowing drain.
  1976 | Sewer    | Entered a sewer
  2152 | Sewer    | Noticed a kobold brigand
  2167 | Sewer    | Killed a kobold brigand
  2168 | Sewer    | Reached XP level 5. HP: 41/41 MP: 5/5
  2569 | Sewer    | Gained mutation: You are partially covered in slimy green
                  | scales. (AC +2) [demonic ancestry]
  2569 | Sewer    | Reached XP level 6. HP: 27/48 MP: 6/6
  3532 | D:4      | Gained mutation: A meltable shield of frost defends you.
                  | (SH +0) [demonic ancestry]
  3532 | D:4      | Reached XP level 7. HP: 38/55 MP: 7/7
  3680 | D:4      | Noticed Robin
  3792 | D:4      | Killed Robin
  4009 | D:4      | Reached skill level 5 in Fighting
  4009 | D:4      | Reached skill level 5 in Long Blades
  4321 | D:5      | Entered Level 5 of the Dungeon
  4506 | D:3      | Noticed a steam dragon
  4525 | D:3      | Killed from afar by a steam dragon

Illustrated notes

Levels and vault maps discovered:
D:1:      dpeg_arrival_boxes_within_box, layout_basic, minmay_misc_feat_tower
D:2:      layout_loops_corners, chequers_ecumenical_altar_simple, uniq_sigmund
D:3:      layout_loops_ring, serial_glass, glass_columns_b, glass_columns_a,
          glass_columns_a, glass_columns_a, glass_columns_b, glass_columns_a,
          uniq_natasha, uniq_jessica
D:4:      layout_basic, cheibrodos_sewer_entry_sluice,
          lightli_ossuary_entry_decrepit_ruins, uniq_robin
D:5:      layout_basic, mainiacjoe_overflow_surrounded_room

Skill      XL: |  1  2  3  4  5  6  7 |
---------------+----------------------+-----
Throwing       | 2 |  2.0
Long Blades    | 3 4 5 |  5.2
Dodging        | 3 4 |  4.2
Fighting       | 3 4 5 |  5.3
Armour         | 1 2 |  2.8

Action                   |  1- 3 |  4- 6 |  7- 9 || total
-------------------------+-------+-------+-------++-------
Melee: Long sword        |    84 |   212 |   125 ||   421
       Punch             |     2 |     1 |     2 ||     5
Throw: Throwing net      |       |     1 |       ||     1
  Use: Potion            |       |     2 |       ||     2
 Stab: Sleeping          |     1 |       |     1 ||     2
       Held in net/web   |       |     2 |       ||     2
Armor: Leather armour    |    32 |    27 |    65 ||   124
Dodge: Dodged            |    61 |    97 |    99 ||   257
Block: Other             |       |       |    24 ||    24

Table legend: (Time is in decaauts)
 A = Elapsed time spent in this place.
 B = Non-inter-level travel time spent in this place.
 C = Inter-level travel time spent in this place.
 D = Time resting spent in this place.
 E = Time spent auto-exploring this place.
 F = Levels seen in this place.
 G = Mean time per level.
                   A        B        C        D        E       F      G
               +--------+--------+--------+--------+--------+-----+--------+
         Total |   4774 |   4715 |     59 |    245 |   3458 |   6 |  795.7 |
       Dungeon |   3125 |   3066 |     59 |     92 |   2367 |   5 |  625.0 |
         Sewer |   1649 |   1649 |      0 |    153 |   1091 |   1 | 1649.0 |
               +--------+--------+--------+--------+--------+-----+--------+

Top non-repeatable levels by time:
   Sewer: 1649 daAuts
     D:1: 1256 daAuts
     D:4: 934 daAuts
     D:2: 736 daAuts
     D:3: 178 daAuts
     D:5: 19 daAuts
